 Dungeon Sprint DCSS version 0.31-a0-486-g8d68a81214 (webtiles) character file.

Game seed: 11628814822835758914

35 rocky1 the Ruffian (level 3, 0/23 HPs)
             Began as an Octopode Shapeshifter on Aug 8, 2023.
             Slain by a sleepcap (11 damage)
             ... in the Dungeon (Sprint IX: "|||||||||||||||||||||||||||||").
             The game lasted 00:00:15 (43 turns).

rocky1 the Ruffian (Octopode Shapeshifter)            Turns: 43, Time: 00:00:15

Health: 0/23       AC:  1    Str: 14    XL:     3   Next: 35%
Magic:  3/3        EV:  2    Int: 12    God:
Gold:   0          SH:  0    Dex: 12    Spells: 2/2 levels left

rFire   . .          .
                       - Unarmed
rCold   . . .        (no shield)
rNeg    . . .        (helmet currently unavailable)
rPois   .            (no amulet)
rElec   .            (no ring)
rCorr   .            (no ring)
SInv    .            (no ring)
Will    .....        (no ring)
Stlth   +++          (no ring)
HPRegen 0.23/turn    (no ring)
MPRegen 0.08/turn    (no ring)
                     (no ring)

%: no teleportation
@: beast-form, sleeping, hasted
A: beast (slay +3), almost no armour, amphibious, 8 rings, camouflage 1,
gelatinous body 1, (nimble swimmer 1), tentacles
a: Begin Untransformation


You were in the Dungeon.
You were a hulking beast.
You visited 1 branch

Inventory:

Talismans
 b - a beast talisman (active)
Scrolls
 h - a scroll of blinking
Potions
 a - a potion of lignification
 c - a potion of curing
 f - 2 potions of magic
 g - a potion of berserk rage


   Skills:
 + Level 1.0 Fighting
 + Level 2.6 Dodging
 + Level 1.9 Stealth
 + Level 4.9 Unarmed Combat
 + Level 4.7 Shapeshifting


You had 2 spell levels left.
You didn't know any spells.
Your spell library was empty.

Dungeon Overview and Level Annotations

Branches:
Dungeon (1/1)

Altars:


Innate Abilities, Weirdness & Mutations

You are a hulking beast.
Your limbs bulge with bestial killing power. (Slay +3)
You cannot wear most types of armour.
You are amphibious.
You can wear up to eight rings at the same time.
Your skin changes colour to match your surroundings (Stealth+).
Your rubbery body absorbs attacks. (AC +1, EV +1)
((You are camouflaged when in or above water. (Stealth+)))
You have tentacles for arms and can constrict up to eight enemies at once.


Message History

The iguana is almost dead.
You constrict the iguana. The iguana bites you.
You tentacle-slap the iguana.
You kill the iguana!
Your Stealth skill increases to level 1!
Your Unarmed Combat skill increases to level 4!
Your Shapeshifting skill increases to level 4!
You have reached level 2!
You have reached level 3!
Your experience leads to an increase in your attributes!
Increase (S)trength, (I)ntelligence, or (D)exterity?
You feel clever. x2
Unknown command.
The orc hits you with a +0 club.
There is an open door, spattered with blood here.
You see here an iguana corpse.
You tentacle-slap the orc. Your grab misses the orc. You squeeze the orc.
You kill the orc!
You tentacle-slap the sleepcap but do no damage.
You grab the sleepcap. You constrict the sleepcap.
You tentacle-slap the sleepcap but do no damage.
The sleepcap is lightly damaged.
You constrict the sleepcap, but do no damage.
The sleepcap closely misses you.
You bludgeon the sleepcap!
You squeeze the sleepcap, but do no damage.
The sleepcap is heavily damaged.
You constrict the sleepcap, but do no damage.
You tentacle-slap the sleepcap.
The sleepcap is heavily damaged.
You constrict the sleepcap.
The sleepcap releases spores at you but does no damage.
You completely miss the sleepcap. You tentacle-slap the sleepcap.
The sleepcap is heavily damaged.
You constrict the sleepcap. The sleepcap releases spores at you!
You are engulfed in a cloud of soporific spores!
You fall asleep.
You lose your grip on the sleepcap.
The sleepcap releases spores at you!
You die...

▓.▓
▓.▓
▓'▓
▓†▓
▓)▓
▓.▓
▓†▓
▓.▓
▓h▓
▓f▓
▓h▓
▓W▓
▓.▓
▓.▓
▓+▓


You could see a phantom, a sleepcap and a hound.

Vanquished Creatures
  An iguana (D)
  An orc (D)
  A goblin (D)
  A jackal (D)
  A quokka (D)
  A bat (D)
  A rat (D)
7 creatures vanquished.

Notes
Turn   | Place    | Note
-------+----------+-------------------------------------------
     0 | D        | rocky1 the Octopode Shapeshifter began the quest for the
                  | Orb.
     0 | D        | Reached XP level 1. HP: 13/13 MP: 1/1
    29 | D        | Noticed an iguana
    29 | D        | Noticed a sleepcap
    29 | D        | Noticed a hound
    29 | D        | Noticed a phantom
    35 | D        | Killed an iguana
    36 | D        | Reached skill level 1 in Stealth
    36 | D        | Reached XP level 2. HP: 17/18 MP: 2/2
    36 | D        | Reached XP level 3. HP: 22/23 MP: 3/3
    43 | D        | Slain by a sleepcap

Illustrated notes

Levels and vault maps discovered:
D:        linesprint [early_d, line_temple, items_1, d_10, items_2, lair_1,
          lair_end, items_3, orc_1, orc_end, items_4, d_15, swamp_1, shoals_1,
          snake_1, spider_1, d_20, vaults_1, items_5, swamp_end, shoals_end,
          snake_end, spider_end, vaults_end, d_27, items_6, zot_1, zot_end,
          crypt_end, forest_end, elf_end, slime_end, tomb_end, abyss_end,
          pan_hell_end]

Skill      XL: |  1 |
---------------+----+-----
Stealth        | 1 |  1.9
Unarmed Combat | 4 |  4.9
Shapeshifting  | 4 |  4.7
Fighting       | |  1.0
Dodging        | |  2.6

Action                     || total
---------------------------++-------
  Melee: Unarmed           ||    18
         Constrict         ||     3
         Tentacles         ||     3
         Punch             ||     1
    Use: Potion            ||     2
   Stab: Sleeping          ||     2
 Armour: Skin              ||     1
  Dodge: Dodged            ||     5

Table legend: (Time is in decaauts)
 A = Elapsed time spent in this place.
 B = Non-inter-level travel time spent in this place.
 C = Inter-level travel time spent in this place.
 D = Time resting spent in this place.
 E = Time spent auto-exploring this place.
 F = Levels seen in this place.
 G = Mean time per level.
                   A        B        C        D        E       F      G
               +--------+--------+--------+--------+--------+-----+--------+
         Total |     38 |     38 |      0 |     11 |      0 |   1 |   38.0 |
       Dungeon |     38 |     38 |      0 |     11 |      0 |   1 |   38.0 |
               +--------+--------+--------+--------+--------+-----+--------+

Top non-repeatable levels by time:
       D: 38 daAuts
